 Dungeon Crawl Stone Soup version 0.27.1-15-g792fb953b9 (webtiles) character file.

Game seed: 14418238849834972668

221 zeram the Poker (level 5, -4/41 HPs)
             Began as a Merfolk Fighter on Nov 19, 2021.
             Killed by nerve-wracking pain
             ... invoked by Grinder
              (9 damage)
             ... while paralysed by Grinder
             ... on level 4 of the Dungeon.
             The game lasted 00:05:22 (3590 turns).

zeram the Poker (Merfolk Fighter)                   Turns: 3590, Time: 00:05:23

Health: -4/41      AC:  8    Str: 16    XL:     5   Next: 98%
Magic:  5/5        EV:  2    Int:  9    God:
Gold:   172        SH:  0    Dex: 13    Spells: 4/4 levels left

rFire    . . .     SeeInvis .   a - +1 trident
rCold    . . .     Faith    .   c - +0 kite shield
rNeg     . . .     Spirit   .   b - +0 scale mail
rPois    .         Reflect  .   (no helmet)
rElec    .         Harm     .   (no cloak)
rCorr    .         Rampage  .   l - +1 pair of gloves
Will     .....                  (no boots)
Stlth    ..........             (no amulet)
HPRegen  0.13/turn              (no ring)
MPRegen  0.09/turn              (no ring)

@: paralysed, mighty
A: (nimble swimmer 2), mertail
a: no special abilities


You were on level 4 of the Dungeon.
You visited 2 branches of the dungeon, and saw 5 of its levels.

You collected 172 gold pieces.

Inventory:

Hand Weapons
 a - a +1 trident (weapon)
Armour
 b - a +0 scale mail (worn)
 c - a +0 kite shield (worn)
 l - a +1 pair of gloves (worn)
Potions
 d - a potion of might
 e - a potion of flight
 f - a potion of haste
 h - a potion of lignification {unknown}
 i - a potion of brilliance
 k - a potion of heal wounds


   Skills:
 - Level 3.2 Fighting
 + Level 6.4 Polearms
 - Level 2.1 Armour
 + Level 2.2 Dodging
 + Level 4.6 Shields


You had 4 spell levels left.
You didn't know any spells.
Your spell library was empty.

Dungeon Overview and Level Annotations

Branches:
Dungeon (4/15)             Temple (1/1) D:4

Altars:
Ashenzari
Cheibriados
Elyvilon
Hepliaklqana
Nemelex Xobeh
Sif Muna
Uskayaw
Yredelemnul
Zin
Jiyva

Annotations:
D:4 Grinder


Innate Abilities, Weirdness & Mutations

((You are quick and stealthy near water. (Stealth+, EV+, Speed+++)))
Your lower body shifts to a powerful aquatic tail in water.


Message History

* * * LOW HITPOINT WARNING * * *
Unknown command.
You feel much better. Grinder hits you.
You closely miss Grinder.
Grinder is heavily wounded.
Grinder gestures at you. Pain shoots through your body!
Unknown command.
You feel very mighty all of a sudden. Grinder gestures at you.
You suddenly lose the ability to move!
Grinder hits you!
You writhe in agony.
* * * LOW HITPOINT WARNING * * *
You can move again.
Unknown command.
You closely miss Grinder.
Grinder is heavily wounded.
Grinder blinks!
Reach: a) +1 trident
Press: ? - help, Dir - move target, f/p - Grinder
Aim: Grinder (heavily wounded, about 42% to evade your +1 trident)
You reach to attack!
You puncture Grinder!
Grinder is severely wounded.
You puncture Grinder!
Grinder is almost dead.
Grinder hits you!
* * * LOW HITPOINT WARNING * * *
Grinder gestures at you.
You barely resist. You barely miss Grinder.
Grinder is almost dead.
Grinder gestures at you.
You suddenly lose the ability to move!
Grinder hits you but does no damage. Grinder gestures at you.
You resist with significant effort.
Grinder blinks!
Grinder gestures at you. Pain shoots through your body!
You die...

#................
#................
#.................
###....5............
....................
####.................
#....................
#.................
##.....@...!...<... #
#..................
.##.........).......
....................
###.................
#.................
#.................
####.##...........
#.##..#######.#


You could see Grinder.

Vanquished Creatures
  A jelly (D:4)
  Natasha (thrice) (D:3)
  4 gnolls (D:4)
  4 adders
  A dart slug (D:2)
  3 orcs (D:3)
  An endoplasm (D:1)
  A giant cockroach (D:2)
  3 hobgoblins
  3 jackals (D:3)
  9 kobolds
  A quokka (D:4)
  4 ball pythons
  3 bats
  A frilled lizard (D:2)
  2 goblins
  8 rats
52 creatures vanquished.

Notes
Turn   | Place    | Note
-------+----------+-------------------------------------------
     0 | D:1      | zeram the Merfolk Fighter began the quest for the Orb.
     0 | D:1      | Reached XP level 1. HP: 18/18 MP: 1/1
    95 | D:1      | Reached XP level 2. HP: 17/24 MP: 2/2
   605 | D:2      | Reached skill level 4 in Polearms
   605 | D:2      | Reached XP level 3. HP: 28/29 MP: 3/3
  1985 | D:3      | Noticed Natasha
  1996 | D:3      | Killed Natasha
  1997 | D:3      | Reached skill level 1 in Dodging
  1997 | D:3      | Reached XP level 4. HP: 28/35 MP: 4/4
  2064 | D:3      | Reached skill level 5 in Polearms
  2347 | D:3      | Found a faded altar of an unknown god.
  2513 | D:3      | Noticed Natasha
  2522 | D:3      | Killed Natasha
  2523 | D:3      | Reached XP level 5. HP: 23/41 MP: 5/5
  2549 | D:3      | Noticed Natasha
  2558 | D:3      | Killed Natasha
  2845 | D:4      | Found a staircase to the Ecumenical Temple.
  2853 | D:4      | Reached skill level 6 in Polearms
  2864 | Temple   | Entered the Ecumenical Temple
  3553 | D:4      | Noticed Grinder
  3572 | D:4      | Paralysed by Grinder for 2 turns
  3578 | D:4      | Paralysed by Grinder for 2 turns
  3585 | D:4      | Paralysed by Grinder for 6 turns
  3590 | D:4      | Killed from afar by Grinder

Illustrated notes

Levels and vault maps discovered:
D:1:      scummos_arrival_simple_crosswalls, layout_rooms
D:2:      layout_loops_cross, kennysheep_generic_room_8
D:3:      layout_basic, hellmonk_ecumenical_altar_lost_god, uniq_natasha
D:4:      layout_basic, temple_fountains, grunt_decor_resistance, uniq_grinder
Temple:   pf_slime_end_temple

Skill      XL: |  1  2  3  4  5 |
---------------+----------------+-----
Polearms       | 4 5 6 |  6.4
Dodging        | 1 2 |  2.2
Shields        | 4 |  4.6
Fighting       | |  3.2
Armour         | |  2.1

Action                   |  1- 3 |  4- 6 || total
-------------------------+-------+-------++-------
Melee: Trident           |   153 |    86 ||   239
  Use: Scroll            |     5 |     7 ||    12
       Potion            |       |     2 ||     2
Armor: Scale mail        |    68 |    21 ||    89
Dodge: Dodged            |    50 |    17 ||    67
Block: Kite shield       |    78 |    31 ||   109
